TOP OF THE 1ST |
Fort Worth HS Turkeys batting - Pitching for John Jay HS Patriots : LHP Jim Douglas
|
Pitching: LHP Jim Douglas
|
|
Batting: RHB Fred Smith
|
0-0: Ball 1-0: Ball 2-0: SINGLE (Flyball, 9LS)
|
Batting: LHB Ugo Béland
|
0-0: Ball 1-0: Called Strike 1-1: Ball 2-1: SINGLE (Line Drive, 7LS) Fred Smith to second
|
Batting: RHB Bill Ménard
|
0-0: Ball 1-0: Swinging Strike 1-1: Ball 2-1: Ball Wild Pitch! Fred Smith to third Ugo Béland to second 3-1: Base on Balls
|
Batting: RHB Tristan Vincent
|
0-0: Ball Wild Pitch! Fred Smith scores Ugo Béland to third Bill Ménard to second 1-0: Ground out 4-3 (Groundball, 4) Ugo Béland scores Bill Ménard to third
|
Batting: LHB Francisco Madraso
|
0-0: Called Strike 0-1: Swinging Strike 0-2: Foul Ball, location: 2F 0-2: Foul Ball, location: 2F 0-2: Ball 1-2: Ball 2-2: Ball 3-2: Ground out 4-3 (Groundball, 4) Bill Ménard scores
|
Batting: RHB Mal Roberson
|
0-0: Ball 1-0: Called Strike 1-1: Ball 2-1: Foul Ball, location: 2F 2-2: Ball 3-2: Foul Ball, location: 2F 3-2: Strikes out looking
|
Top of the 1st over - 3 run(s), 2 hit(s), 0 error(s), 0 left on base; Fort Worth HS 3 - John Jay HS 0 |
BOTTOM OF THE 1ST |
John Jay HS Patriots batting - Pitching for Fort Worth HS Turkeys : RHP Michael Knight
|
Pitching: RHP Michael Knight
|
|
Batting: LHB Christian Lovelass
|
0-0: Ball 1-0: Foul Ball, location: 2F 1-1: Ball 2-1: Swinging Strike 2-2: Strikes out swinging
|
Batting: RHB Jeff Benson
|
0-0: Fly out, F9 (Flyball, 9LS)
|
Batting: RHB Ronald Cleveland
|
0-0: Called Strike 0-1: SINGLE (Popup, 3D)
|
Batting: SHB Oliver Miles
|
0-0: Ball 1-0: Called Strike 1-1: Ball Ronald Cleveland steals 2nd base 2-1: Foul Ball, location: 2F 2-2: Foul Ball, location: 2F 2-2: Foul Ball, location: 2F 2-2: Foul Ball, location: 2F 2-2: Ball 3-2: Fly out, F7 (Flyball, 78M)
|
Bottom of the 1st over - 0 run(s), 1 hit(s), 0 error(s), 1 left on base; Fort Worth HS 3 - John Jay HS 0 |
TOP OF THE 2ND |
Fort Worth HS Turkeys batting - Pitching for John Jay HS Patriots : LHP Jim Douglas
|
Batting: RHB Denny Dennis
|
0-0: Swinging Strike 0-1: Ball 1-1: Called Strike 1-2: Ball 2-2: Ball 3-2: Foul Ball, location: 2F 3-2: Base on Balls
|
Batting: RHB Terry McRa
|
0-0: Called Strike 0-1: Ball 1-1: Called Strike 1-2: Ball 2-2: Ball 3-2: DOUBLE (Line Drive, 8LD) Denny Dennis to third
|
Batting: RHB Ken Adams
|
0-0: Foul Ball, location: 2F 0-1: Swinging Strike 0-2: Ball 1-2: Strikes out swinging
|
Batting: RHB Fred Smith
|
0-0: Ball 1-0: Called Strike 1-1: Ball 2-1: SINGLE (Groundball, 34D) Denny Dennis scores Terry McRa to third
|
Batting: LHB Ugo Béland
|
0-0: Ball 1-0: Called Strike 1-1: Called Strike 1-2: Ball 2-2: Ball 3-2: Strikes out swinging
|
Batting: RHB Bill Ménard
|
0-0: Foul Ball, location: 2F 0-1: Ball 1-1: Called Strike 1-2: Fielders Choice at 2nd, 6-4 (Groundball, 6)
|
Top of the 2nd over - 1 run(s), 2 hit(s), 0 error(s), 1 left on base; Fort Worth HS 4 - John Jay HS 0 |
BOTTOM OF THE 2ND |
John Jay HS Patriots batting - Pitching for Fort Worth HS Turkeys : RHP Michael Knight
|
Batting: RHB Weldon Bell
|
0-0: Ball 1-0: Ball 2-0: Called Strike 2-1: Ground out 5-3 (Groundball, 56S)
|
Batting: RHB Nick Carter
|
0-0: Called Strike 0-1: Foul Ball, location: 2F 0-2: Ball 1-2: Foul Ball, location: 2F 1-2: SINGLE (Line Drive, 8LS)
|
Batting: RHB Broderick Banks
|
0-0: Fly out, F7 (Flyball, 78D)
|
Batting: RHB Dave Hayes
|
0-0: Called Strike 0-1: Called Strike 0-2: Ball 1-2: Strikes out swinging
|
Bottom of the 2nd over - 0 run(s), 1 hit(s), 0 error(s), 1 left on base; Fort Worth HS 4 - John Jay HS 0 |
TOP OF THE 3RD |
Fort Worth HS Turkeys batting - Pitching for John Jay HS Patriots : LHP Jim Douglas
|
Batting: RHB Tristan Vincent
|
0-0: Called Strike 0-1: Foul Ball, location: 2F 0-2: Ball 1-2: Strikes out swinging
|
Batting: LHB Francisco Madraso
|
0-0: Ball 1-0: Foul Ball, location: 2F 1-1: Ball 2-1: Foul Ball, location: 2F 2-2: Ground out 4-3 (Groundball, 4)
|
Batting: RHB Mal Roberson
|
0-0: Ball 1-0: Fly out, F9 (Flyball, 9LS)
|
Top of the 3rd over - 0 run(s), 0 hit(s), 0 error(s), 0 left on base; Fort Worth HS 4 - John Jay HS 0 |
BOTTOM OF THE 3RD |
John Jay HS Patriots batting - Pitching for Fort Worth HS Turkeys : RHP Michael Knight
|
Batting: LHB Norberto Garza
|
0-0: Called Strike 0-1: Foul Ball, location: 2F 0-2: Strikes out looking
|
Batting: LHB Christian Lovelass
|
0-0: Ball 1-0: Called Strike 1-1: Ground out 4-3 (Groundball, 4)
|
Batting: RHB Jeff Benson
|
0-0: Ball 1-0: Foul Ball, location: 2F 1-1: Swinging Strike 1-2: Foul Ball, location: 2F 1-2: Ball 2-2: Foul Ball, location: 2F 2-2: Ball 3-2: Strikes out swinging
|
Bottom of the 3rd over - 0 run(s), 0 hit(s), 0 error(s), 0 left on base; Fort Worth HS 4 - John Jay HS 0 |
TOP OF THE 4TH |
Fort Worth HS Turkeys batting - Pitching for John Jay HS Patriots : LHP Jim Douglas
|
Batting: RHB Denny Dennis
|
0-0: Ball 1-0: Foul Ball, location: 2F 1-1: Foul Ball, location: 2F 1-2: Ball 2-2: Foul Ball, location: 2F 2-2: Ball 3-2: Foul Ball, location: 2F 3-2: Hit by Pitch
|
Batting: RHB Terry McRa
|
0-0: Ball 1-0: Called Strike 1-1: Ball 2-1: Fly out, F9 (Flyball, 9S)
|
Pitching: RHP Bill Dickerson
|
|
Batting: RHB Ken Adams
|
0-0: Ball 1-0: Ball 2-0: Ball 3-0: Called Strike 3-1: Called Strike 3-2: Base on Balls Denny Dennis to second
|
Batting: RHB Fred Smith
|
0-0: Foul Ball, location: 2F 0-1: Ball 1-1: Swinging Strike 1-2: Ball 2-2: Ball 3-2: Strikes out swinging
|
Batting: LHB Ugo Béland
|
0-0: Foul Ball, location: 2F 0-1: Ball 1-1: Called Strike 1-2: Ball 2-2: Foul Ball, location: 2F 2-2: Ball 3-2: Foul Ball, location: 2F 3-2: SINGLE (Groundball, 34) (infield hit) Denny Dennis to third Ken Adams to second
|
Batting: RHB Bill Ménard
|
0-0: Called Strike 0-1: Ball 1-1: Foul Ball, location: 2F 1-2: Foul Ball, location: 2F 1-2: Ball 2-2: Ball 3-2: SINGLE (Line Drive, 4D) Denny Dennis scores Ken Adams to third Ugo Béland to second Ken Adams scores Ugo Béland to third
|
Batting: RHB Tristan Vincent
|
0-0: Called Strike 0-1: Foul Ball, location: 2F 0-2: Ball 1-2: Foul Ball, location: 2F 1-2: SINGLE (Flyball, 8RS) Ugo Béland scores Bill Ménard to second
|
Batting: LHB Francisco Madraso
|
0-0: Ball 1-0: Ball 2-0: Ball 3-0: Base on Balls Bill Ménard to third Tristan Vincent to second
|
Batting: RHB Mal Roberson
|
0-0: Ball 1-0: Ball 2-0: Called Strike 2-1: Foul Ball, location: 2F 2-2: Fielders Choice at 2nd, 5-4 (Groundball, 5)
|
Top of the 4th over - 3 run(s), 3 hit(s), 0 error(s), 2 left on base; Fort Worth HS 7 - John Jay HS 0 |
BOTTOM OF THE 4TH |
John Jay HS Patriots batting - Pitching for Fort Worth HS Turkeys : RHP Michael Knight
|
Batting: RHB Ronald Cleveland
|
0-0: Ground out 6-3 (Groundball, 6)
|
Batting: SHB Oliver Miles
|
0-0: Ball 1-0: Reached on error, E4 (Groundball, 4M)
|
Batting: RHB Weldon Bell
|
0-0: Ball 1-0: Ball 2-0: Ball 3-0: Base on Balls Oliver Miles to second
|
Batting: RHB Nick Carter
|
0-0: Fielders Choice at 2nd, 1-6 (Groundball, P) Oliver Miles to third
|
Batting: RHB Broderick Banks
|
0-0: Ball 1-0: Called Strike 1-1: Foul Ball, location: 2F 1-2: Strikes out swinging
|
Bottom of the 4th over - 0 run(s), 0 hit(s), 1 error(s), 2 left on base; Fort Worth HS 7 - John Jay HS 0 |
TOP OF THE 5TH |
Fort Worth HS Turkeys batting - Pitching for John Jay HS Patriots : RHP Bill Dickerson
|
Batting: RHB Denny Dennis
|
0-0: Foul Ball, location: 2F 0-1: Fly out, F7 (Flyball, 7D)
|
Batting: RHB Terry McRa
|
0-0: Foul Ball, location: 2F 0-1: Called Strike 0-2: Ball 1-2: Foul Ball, location: 2F 1-2: Foul Ball, location: 2F 1-2: Ball 2-2: Fly out, F5 (Line Drive, 56)
|
Batting: RHB Ken Adams
|
0-0: Swinging Strike 0-1: Ball 1-1: Foul Ball, location: 2F 1-2: Ball 2-2: Ball 3-2: Base on Balls
|
Batting: RHB Fred Smith
|
0-0: Ball 1-0: Ball 2-0: Ball 3-0: Called Strike 3-1: Foul Ball, location: 2F 3-2: Base on Balls Ken Adams to second
|
Batting: LHB Ugo Béland
|
0-0: Ball 1-0: Single, Error in OF, E7, batter to second base Ken Adams scores Fred Smith to third
|
Batting: RHB Bill Ménard
|
0-0: Ball 1-0: Ball 2-0: Called Strike 2-1: Ball 3-1: Foul Ball, location: 2F 3-2: Strikes out swinging
|
Top of the 5th over - 1 run(s), 1 hit(s), 1 error(s), 2 left on base; Fort Worth HS 8 - John Jay HS 0 |
BOTTOM OF THE 5TH |
John Jay HS Patriots batting - Pitching for Fort Worth HS Turkeys : RHP Michael Knight
|
Batting: RHB Dave Hayes
|
0-0: Ball 1-0: Ball 2-0: Ball 3-0: Called Strike 3-1: Called Strike 3-2: Base on Balls
|
Batting: LHB Norberto Garza
|
0-0: Grounds into double play, 1-4-3 (Groundball, 15)
|
Batting: LHB Christian Lovelass
|
0-0: SINGLE (Line Drive, 4)
|
Batting: RHB Jeff Benson
|
0-0: Fly out, F9 (Flyball, 9LMF)
|
Bottom of the 5th over - 0 run(s), 1 hit(s), 0 error(s), 1 left on base; Fort Worth HS 8 - John Jay HS 0 |
TOP OF THE 6TH |
Fort Worth HS Turkeys batting - Pitching for John Jay HS Patriots : RHP Bill Dickerson
|
Pitching: LHP Roger Burgess
|
|
Batting: RHB Tristan Vincent
|
0-0: Ball 1-0: Ground out 4-3 (Groundball, 4)
|
Batting: LHB Francisco Madraso
|
0-0: Swinging Strike 0-1: Ball 1-1: Ball 2-1: Called Strike 2-2: Ball 3-2: Strikes out swinging
|
Batting: RHB Mal Roberson
|
0-0: Ball 1-0: Called Strike 1-1: Swinging Strike 1-2: DOUBLE (Line Drive, 9LS)
|
Batting: RHB Denny Dennis
|
0-0: Ball 1-0: Ball 2-0: Called Strike 2-1: Swinging Strike 2-2: Foul Ball, location: 2F 2-2: Strikes out swinging
|
Top of the 6th over - 0 run(s), 1 hit(s), 0 error(s), 1 left on base; Fort Worth HS 8 - John Jay HS 0 |
BOTTOM OF THE 6TH |
John Jay HS Patriots batting - Pitching for Fort Worth HS Turkeys : RHP Michael Knight
|
Batting: RHB Ronald Cleveland
|
0-0: Ball 1-0: Ball 2-0: Called Strike 2-1: Called Strike 2-2: Ball 3-2: Foul Ball, location: 2F 3-2: Foul Ball, location: 2F 3-2: Ground out 6-3 (Groundball, 6)
|
Batting: SHB Oliver Miles
|
0-0: Ball 1-0: Called Strike 1-1: Ball 2-1: Foul Ball, location: 2F 2-2: DOUBLE (Line Drive, 89M)
|
Batting: RHB Weldon Bell
|
0-0: Swinging Strike 0-1: Ball 1-1: Foul Ball, location: 2F 1-2: Foul Ball, location: 2F 1-2: SINGLE (Flyball, 89S) Oliver Miles to third Runner from 3rd tries for Home, SAFE, no throw
|
Pitching: LHP Sherman Gordon
|
|
Batting: RHB Nick Carter
|
0-0: Called Strike 0-1: Swinging Strike 0-2: Ball 1-2: Fly out, F8 (Flyball, 8LM)
|
Batting: RHB Broderick Banks
|
0-0: Foul Ball, location: 2F 0-1: Called Strike 0-2: Fly out, F9 (Flyball, 9)
|
Bottom of the 6th over - 1 run(s), 2 hit(s), 0 error(s), 1 left on base; Fort Worth HS 8 - John Jay HS 1 |
TOP OF THE 7TH |
Fort Worth HS Turkeys batting - Pitching for John Jay HS Patriots : LHP Roger Burgess
|
Batting: RHB Terry McRa
|
0-0: Ball 1-0: Ball 2-0: Foul Ball, location: 2F 2-1: Swinging Strike 2-2: Strikes out swinging
|
Batting: RHB Ken Adams
|
0-0: Swinging Strike 0-1: Foul Ball, location: 2F 0-2: Strikes out swinging
|
Batting: RHB Fred Smith
|
0-0: Ball 1-0: Ball 2-0: Ball 3-0: Base on Balls
|
Batting: LHB Ugo Béland
|
0-0: Called Strike 0-1: Ball 1-1: Fly out, F7 (Flyball, 7LM)
|
Top of the 7th over - 0 run(s), 0 hit(s), 0 error(s), 1 left on base; Fort Worth HS 8 - John Jay HS 1 |
BOTTOM OF THE 7TH |
John Jay HS Patriots batting - Pitching for Fort Worth HS Turkeys : LHP Sherman Gordon
|
Batting: RHB Dave Hayes
|
0-0: Ground out 6-3 (Groundball, 6)
|
Batting: LHB Norberto Garza
|
0-0: Ball 1-0: Ball 2-0: Ball 3-0: Base on Balls
|
Batting: LHB Christian Lovelass
|
0-0: Called Strike 0-1: Ball 1-1: Foul Ball, location: 2F 1-2: Foul Ball, location: 2F 1-2: Foul Ball, location: 2F 1-2: Fly out, F7 (Flyball, 7S)
|
Batting: RHB Jeff Benson
|
0-0: Swinging Strike 0-1: Foul Ball, location: 2F 0-2: Strikes out swinging
|
Bottom of the 7th over - 0 run(s), 0 hit(s), 0 error(s), 1 left on base; Fort Worth HS 8 - John Jay HS 1 |
TOP OF THE 8TH |
Fort Worth HS Turkeys batting - Pitching for John Jay HS Patriots : LHP César Román
|
Pitching: LHP César Román
|
|
Batting: RHB Bill Ménard
|
0-0: Called Strike 0-1: Swinging Strike 0-2: Strikes out swinging
|
Batting: RHB Tristan Vincent
|
0-0: Called Strike 0-1: Ball 1-1: Ball 2-1: Foul Ball, location: 2F 2-2: Ball 3-2: Strikes out swinging
|
Batting: LHB Francisco Madraso
|
0-0: Ball 1-0: Ball 2-0: Ball 3-0: Base on Balls
|
Batting: RHB Mal Roberson
|
0-0: Ball 1-0: Called Strike 1-1: Swinging Strike 1-2: Foul Ball, location: 2F 1-2: Strikes out swinging
|
Top of the 8th over - 0 run(s), 0 hit(s), 0 error(s), 1 left on base; Fort Worth HS 8 - John Jay HS 1 |
BOTTOM OF THE 8TH |
John Jay HS Patriots batting - Pitching for Fort Worth HS Turkeys : LHP Sherman Gordon
|
Batting: RHB Ronald Cleveland
|
0-0: Ball 1-0: Ball 2-0: Foul Ball, location: 2F 2-1: Called Strike 2-2: Ball 3-2: Foul Ball, location: 2F 3-2: Foul Ball, location: 2F 3-2: Strikes out swinging
|
Batting: SHB Oliver Miles
|
0-0: Ball 1-0: Foul Ball, location: 2F 1-1: Foul Ball, location: 2F 1-2: Reached on error, E3 (Groundball, 3)
|
Batting: RHB Weldon Bell
|
0-0: 2-RUN HOME RUN (Flyball, 7D), Distance : 390 ft
|
Batting: RHB Nick Carter
|
0-0: Called Strike 0-1: Ball 1-1: Fly out, F9 (Flyball, 89M)
|
Batting: RHB Broderick Banks
|
0-0: Foul Ball, location: 2F 0-1: Swinging Strike 0-2: Strikes out swinging
|
Bottom of the 8th over - 2 run(s), 1 hit(s), 1 error(s), 0 left on base; Fort Worth HS 8 - John Jay HS 3 |
TOP OF THE 9TH |
Fort Worth HS Turkeys batting - Pitching for John Jay HS Patriots : LHP César Román
|
Batting: RHB Denny Dennis
|
0-0: Called Strike 0-1: Foul Ball, location: 2F 0-2: Foul Ball, location: 2F 0-2: Ball 1-2: Strikes out swinging
|
Batting: RHB Terry McRa
|
0-0: Called Strike 0-1: Called Strike 0-2: Ball 1-2: Ball 2-2: Strikes out swinging
|
Batting: RHB Ken Adams
|
0-0: Foul Ball, location: 2F 0-1: Ball 1-1: Called Strike 1-2: Strikes out swinging, 2-3 out at first.
|
Top of the 9th over - 0 run(s), 0 hit(s), 0 error(s), 0 left on base; Fort Worth HS 8 - John Jay HS 3 |
BOTTOM OF THE 9TH |
John Jay HS Patriots batting - Pitching for Fort Worth HS Turkeys : LHP Sherman Gordon
|
Batting: RHB Dave Hayes
|
0-0: Called Strike 0-1: Ball 1-1: Swinging Strike 1-2: Ball 2-2: Ball 3-2: Fly out, F8 (Flyball, 8LD)
|
Batting: LHB Norberto Garza
|
0-0: Ball 1-0: Ball 2-0: Called Strike 2-1: Ball 3-1: Foul Ball, location: 2F 3-2: Base on Balls
|
Batting: LHB Christian Lovelass
|
0-0: Ball 1-0: Called Strike 1-1: Ball 2-1: Ball 3-1: Base on Balls Norberto Garza to second
|
Pitching: RHP Joe Miller
|
|
Batting: RHB Jeff Benson
|
0-0: Fly out, F7 (Flyball, 7)
|
Batting: RHB Ronald Cleveland
|
0-0: Ball 1-0: Ball 2-0: Called Strike 2-1: Called Strike 2-2: Foul Ball, location: 2F 2-2: Foul Ball, location: 2F 2-2: Foul Ball, location: 2F 2-2: Fly out, F9 (Flyball, 9LM)
|
Bottom of the 9th over - 0 run(s), 0 hit(s), 0 error(s), 2 left on base; Fort Worth HS 8 - John Jay HS 3 |
|